 Dungeon Crawl Stone Soup version 0.20.1-1-g8b1a95d (webtiles) character file.

648 Musashi the Chopper (level 7, -3/91 HPs)
             Began as a Minotaur Berserker on Dec 5, 2017.
             Was a Priest of Trog.
             Slain by a two-headed ogre
             ... wielding a +0 giant spiked club
              (14 damage)
             ... on level 5 of the Dungeon.
             The game lasted 00:15:38 (4111 turns).

Musashi the Chopper (Minotaur Berserker)            Turns: 4111, Time: 00:15:39

Health: -3/91      AC:  8    Str: 28    XL:     7   Next: 27%
Magic:  6/6        EV: 13    Int:  5    God:    Trog [***...]
Gold:   170        SH:  0    Dex: 15    Spells: 6/6 levels left

rFire    . . .     SeeInvis .   a - +1 hand axe
rCold    . . .     Gourm    .   (no shield)
rNeg     . . .     Faith    .   r - +0 ring mail
rPois    .         Spirit   .   (helmet restricted)
rElec    .         Reflect  .   y - +0 cloak
rCorr    .         Harm     .   (no gloves)
MR       .....                  z - +0 pair of boots
Stlth    ..........             (no amulet)
Regen    0.3/turn               p - +6 ring of dexterity
MPRegen  0.1/turn               (no ring)

@: berserking, very quick
A: retaliatory headbutt, horns 2
a: Berserk, Trog's Hand, Burn Spellbooks, Renounce Religion


You were on level 5 of the Dungeon.
You worshipped Trog.
Trog was most pleased with you.
You were very hungry.

You visited 1 branch of the dungeon, and saw 5 of its levels.

You collected 188 gold pieces.
You spent 18 gold pieces at shops.

Inventory:

Hand Weapons
 a - a +1 hand axe (weapon)
 b - a +0 hunting sling
 D - a +0 war axe
 E - a +0 whip of venom
Missiles
 h - 81 arrows
 j - 4 tomahawks (quivered)
 k - 131 stones
 o - a throwing net
 s - 24 poisoned needles
 w - 29 bolts
 C - 30 sling bullets
Armour
 l - a +1 leather armour of magic resistance
 r - a +0 ring mail (worn)
 x - a +0 chain mail
 y - a +0 cloak (worn)
 z - a +0 pair of boots (worn)
 A - a +0 plate armour
 F - a +0 chain mail
Jewellery
 p - a +6 ring of dexterity (left hand)
Scrolls
 e - 4 scrolls of identify
 q - 2 scrolls of teleportation {unknown}
 B - a scroll of remove curse
Potions
 d - a potion of haste {unknown}
 f - 2 potions of lignification {unknown}
 i - 2 potions of curing {unknown}
 m - a potion of agility {unknown}
 n - 2 potions of magic {unknown}
 t - 3 potions of heal wounds {unknown}
 u - a potion of brilliance {unknown}
Comestibles
 c - 7 bread rations
 g - a royal jelly
 v - a meat ration


   Skills:
 + Level 5.4 Fighting
 + Level 7.0 Axes
 * Level 1.8 Slings
 + Level 0.2(1.0) Throwing
 + Level 4.3 Armour
 + Level 3.8 Dodging
 + Level 1.5 Stealth


You had 6 spell levels left.
You didn't know any spells.

Dungeon Overview and Level Annotations

Branches:
Dungeon (5/15)
 Temple: D:4-7

Altars:
Elyvilon
Fedhas
Hepliaklqana
Nemelex Xobeh
Xom
Zin

Shops:
D:4 ((


Innate Abilities, Weirdness & Mutations

You reflexively headbutt those who attack you in melee.
You have a pair of horns on your head.


Message History

a - a +1 hand axe (weapon)
You barely miss the two-headed ogre.
Your headbutt misses the two-headed ogre.
The two-headed ogre is moderately wounded.
The two-headed ogre hits you with a giant spiked club!!
The two-headed ogre hits you with a giant club!
A red film seems to cover your vision as you go berserk!
You feel yourself moving faster!
You feel mighty!
You are feeling very hungry.
The two-headed ogre hits you with a giant spiked club!
* * * LOW HITPOINT WARNING * * *
The two-headed ogre closely misses you.
You slash the two-headed ogre! You headbutt the two-headed ogre!
The two-headed ogre is heavily wounded.
You hit the two-headed ogre.
The two-headed ogre is heavily wounded.
The two-headed ogre hits you with a giant spiked club!
* * * LOW HITPOINT WARNING * * *
The two-headed ogre hits you with a giant club!
You die...

.......####.
.........##.########
#.......##........#
#.....#.##.........#
.#..#..#.###.##.##..#
.#..#.........<.# .
.........##..#### #
##.......##..#####.#
#.########..)..@..#
#.# ###.#####O.....#
#.# #.....# .##.#.#
#.# #.....# .# # #.#
#.....# .# #.#
#.....# .#.# #.#
#.....# .(.. ##.#
####### ##.# #..# ###
#.#


You could see a two-headed ogre.

Vanquished Creatures
  An ice beast (D:3)
  The ghost of Thyosulf the Ruffian, a weakling DrTm (D:3)
  2 jellies
  4 orc priests
  3 orc wizards
  4 worker ants
  3 gnolls
  4 adders
  An ooze (D:4)
  A worm (D:4)
  3 dart slugs (D:1)
  5 leopard geckos
  14 orcs
  6 bats
  A giant cockroach (D:2)
  7 goblins
  4 hobgoblins
  4 quokkas
  A ball python (D:3)
  3 frilled lizards
  3 kobolds
  A leopard gecko skeleton (D:4)
  A quokka skeleton (D:4)
  6 rats
83 creatures vanquished.

Vanquished Creatures (others)
  A quokka (D:3)
1 creature vanquished.

Grand Total: 84 creatures vanquished

Notes
Turn   | Place    | Note
-------+----------+-------------------------------------------
     0 | D:1      | Musashi the Minotaur Berserker began the quest for the Orb.
     0 | D:1      | Reached XP level 1. HP: 19/19 MP: 0/0
   281 | D:1      | Reached XP level 2. HP: 27/27 MP: 1/1
   306 | D:1      | Reached skill level 4 in Axes
   880 | D:2      | Found a glowing silver altar of Zin.
   940 | D:2      | Reached XP level 3. HP: 33/33 MP: 2/2
  1094 | D:2      | Reached ** piety under Trog
  1241 | D:3      | Found a shimmering altar of Xom.
  1278 | D:3      | Noticed Thyosulf's ghost (weakling DrTm)
  1288 | D:3      | Killed Thyosulf's ghost
  1288 | D:3      | Reached skill level 5 in Axes
  1288 | D:3      | Reached XP level 4. HP: 40/40 MP: 3/3
  1461 | D:3      | Found a hazy altar of Hepliaklqana.
  1576 | D:3      | Found a white marble altar of Elyvilon.
  1728 | D:2      | Reached XP level 5. HP: 25/47 MP: 4/4
  1948 | D:3      | Noticed an ice beast
  1971 | D:3      | Killed an ice beast
  2159 | D:3      | Reached skill level 6 in Axes
  2209 | D:3      | Reached XP level 6. HP: 43/55 MP: 5/5
  2362 | D:3      | Reached skill level 1 in Stealth
  3016 | D:4      | Reached skill level 5 in Fighting
  3025 | D:4      | Found a blossoming altar of Fedhas.
  3025 | D:4      | Found a sparkling altar of Nemelex Xobeh.
  3210 | D:4      | Reached *** piety under Trog
  3315 | D:4      | Found Jiseil's Weapon Shoppe.
  3367 | D:4      | Found Kewamm's Weapon Shop.
  3386 | D:4      | Bought a +0 hunting sling for 18 gold pieces
  3814 | D:5      | Entered Level 5 of the Dungeon
  3845 | D:5      | Reached XP level 7. HP: 48/61 MP: 6/6
  3852 | D:5      | Received a gift from Trog
  4016 | D:5      | Reached skill level 7 in Axes
  4016 | D:5      | Reached skill level 1 in Slings
  4103 | D:5      | Noticed a two-headed ogre
  4111 | D:5      | Slain by a two-headed ogre

Skill      XL: |  1  2  3  4  5  6  7 |
---------------+----------------------+-----
Axes           | 4 5 6 7 |  7.0
Fighting       | 4 5 |  5.4
Armour         | 3 4 |  4.3
Dodging        | 3 |  3.8
Stealth        | 1 |  1.5
Slings         | 1 |  1.8
Throwing       | |  0.2

Action                   |  1- 3 |  4- 6 |  7- 9 || total
-------------------------+-------+-------+-------++-------
Melee: Hand axe          |    56 |   114 |    17 ||   187
       Headbutt          |     7 |    30 |     6 ||    43
 Fire: Hunting sling     |       |    12 |    13 ||    25
Throw: Tomahawk          |       |     4 |       ||     4
Invok: Berserk           |     1 |       |     1 ||     2
  Use: Scroll            |       |     5 |       ||     5
  Eat: Chunk             |     1 |     9 |     1 ||    11
Armor: Animal skin       |     2 |       |       ||     2
       Leather armour    |    13 |     4 |       ||    17
       Ring mail         |       |    25 |     2 ||    27
Dodge: Dodged            |    39 |    69 |     6 ||   114
